AoeStats
← K

Arena

509442344Analyzed
4v4 RM · 7d ago on Sep 26, 2026· 50m 15s· 8 players
Game mode
Random Map
Map size
Large (8 player)
Population
200
Speed
Normal
Resources
Standard
Victory
Conquest
Starting age
Dark Age
Ending age
Imperial Age
RankedLock teamsTeams togetherTeam positionsShared explorationLock speedFull tech treeHidden civsTurbo modeCheats
Victory
Defeat
🇬🇧 Khmer · United Kingdom
1232
+13
🇺🇸 Bohemians · United States
1172
+15
🇦🇷 Spanish · Argentina
1170
+15
🇩🇪 Vietnamese · Germany
1139
+16
🇬🇧 Bulgarians · United Kingdom
1220
-17
🇬🇧 Burmese · United Kingdom
1214
-17
🇮🇩 Chinese · Indonesia
1098
-13
🇨🇳 Spanish · China
1071
-12
Profesor Cocoon
10:28 Feudal Age
10:23 Loom
14:34 Castle Age
13:10 Double-Bit Axe
13:46 Horse Collar
23:04 Gold Mining
24:58 Bloodlines
25:41 Stone Mining
26:24 Heavy Plow
26:51 Husbandry
30:35 Bow Saw
33:42 Wheelbarrow
33:30 Scale Barding Armor
37:29 Town Watch
40:55 Imperial Age
39:27 Chain Barding Armor
41:10 Hand Cart
41:16 Forging
42:34 Plate Barding Armor
43:11 Conscription
42:24 Cavalier
45:05 Iron Casting
48:40 Blast Furnace
48:12 Elite Conquistador
dxdydz
8:55 Loom
10:56 Feudal Age
11:57 Double-Bit Axe
12:07 Horse Collar
12:20 Gold Mining
14:39 Fletching
22:05 Castle Age
20:55 Stone Mining
23:29 Wheelbarrow
22:19 Crossbowman
22:58 Bodkin Arrow
23:24 Bow Saw
26:48 Heavy Plow
26:51 Padded Archer Armor
31:12 Imperial Age
28:09 Pikeman
29:26 Forging
29:40 Scale Mail Armor
32:43 Chain Mail Armor
32:46 Hand Cart
33:48 Iron Casting
33:16 Squires
33:13 Arson
35:17 Plate Mail Armor
36:38 Halberdier
40:17 Crop Rotation
40:50 Two-Man Saw
39:54 Bracer
43:17 Elite Rattan Archer
44:26 Siege Engineers
45:17 Town Watch
Melting Snowball
9:37 Feudal Age
12:42 Castle Age
12:20 Loom
24:20 Wheelbarrow
23:45 Double-Bit Axe
25:53 Hand Cart
25:51 Bow Saw
25:39 Horse Collar
27:15 Heavy Plow
29:33 Gold Mining
31:47 Gold Shaft Mining
36:50 Imperial Age
34:58 Ballistics
36:39 Sanctity
36:39 Fervor
37:13 Heavy Scorpion
38:58 Chemistry
38:55 Illumination
38:45 Double Crossbow
TheEel
13:28 Feudal Age
14:31 Double-Bit Axe
14:29 Horse Collar
17:30 Castle Age
19:07 Fervor
19:09 Bow Saw
19:12 Heavy Plow
22:56 Wheelbarrow
24:13 Hand Cart
26:03 Loom
30:50 Imperial Age
31:39 Chemistry
32:05 Siege Engineers
33:05 Two-Man Saw
32:03 Houfnice
32:56 Wagenburg Tactics
33:12 Conscription
32:18 Pikeman
33:32 Guilds
33:20 Halberdier
34:02 Squires
34:03 Scale Mail Armor
35:50 Chain Mail Armor
37:34 Plate Mail Armor
38:38 Ballistics
38:30 Forging
38:11 Fletching
39:46 Iron Casting
39:07 Bodkin Arrow
40:14 Arson
41:31 Blast Furnace
40:32 Bracer
44:56 Coinage
YuangXue
9:47 Feudal Age
10:57 Double-Bit Axe
14:17 Castle Age
13:04 Horse Collar
17:58 Loom
26:52 Bow Saw
32:34 Wheelbarrow
34:31 Hand Cart
39:19 Bow Saw
38:50 Elite Skirmisher
45:09 Fletching
46:06 Heavy Plow
47:10 Bodkin Arrow
47:16 Padded Archer Armor
Sir Aldi
0:26 Loom
8:59 Feudal Age
15:22 Castle Age
14:39 Stone Mining
22:07 Wheelbarrow
4Tapping
11:03 Feudal Age
15:01 Castle Age
13:57 Horse Collar
18:27 Heavy Plow
18:45 Loom
19:36 Wheelbarrow
21:27 Gold Mining
21:28 Stone Mining
21:44 Town Watch
23:32 Bloodlines
24:36 Husbandry
25:14 Forging
25:09 Scale Barding Armor
27:24 Chain Barding Armor
28:05 Hand Cart
31:17 Imperial Age
32:08 Manipur Cavalry
32:29 Conscription
32:17 Manipur Cavalry
32:37 Conscription
31:46 Elite Battle Elephant
33:12 Iron Casting
33:13 Plate Barding Armor
33:33 Conscription
34:51 Blast Furnace
33:38 Elite Arambai
36:44 Chemistry
36:05 Ballistics
35:38 Fletching
36:47 Light Cavalry
37:33 Hussar
38:48 Bodkin Arrow
39:00 Murder Holes
K
10:27 Feudal Age
16:02 Castle Age
14:11 Double-Bit Axe
17:20 Bow Saw
16:52 Horse Collar
22:00 Gold Mining
22:44 Husbandry
22:55 Scale Barding Armor
25:05 Chain Barding Armor
25:40 Wheelbarrow
24:50 Loom
24:51 Town Watch
25:05 Stone Mining
26:31 Chain Barding Armor
27:29 Stone Shaft Mining
27:32 Gold Shaft Mining
26:53 Fletching
27:16 Forging
26:54 Gambesons
27:10 Squires
26:30 Pikeman
27:29 Bloodlines
29:42 Hand Cart
30:08 Iron Casting
29:29 Bodkin Arrow
30:24 Masonry
33:02 Imperial Age
30:52 Stirrups
32:53 Scale Mail Armor
34:39 Conscription
34:22 Elite Konnik
36:12 Blast Furnace
36:27 Plate Barding Armor
36:49 Halberdier
38:08 Chain Mail Armor
38:00 Arson
49:12 Bracer
Connection lost

Rejoining the realm…

Still unreachable

The connection could not be restored.

Session expired

The server has moved on; the page needs a fresh start.